Map: Eternal Empire LE

Players

Brush

  • Race: Terran Terran
  • League: Platinum
  • Spawn Location: 7:00

Methyle - Winner!

  • Race: Terran Terran
  • League: Platinum
  • Spawn Location: 1:00

VOD

Have the link to the VOD?

Description

Time

  • Played on: April 29, 2020, 9:50 a.m.
  • Length: 22:15
Show
View Real Time Build Order
Export as new Build Order

Brush Terran 

Build Orders:  

Get SALT Encoding   

  12  0:03  SCV  
  13  0:15  SCV  
  13  0:21  Supply Depot  
  14  0:28  SCV  
  15  0:44  Barracks, SCV  
  16  0:51  Refinery  
  16  0:56  SCV  
  17  1:08  SCV  
  18  1:20  SCV  
  19  1:33  Orbital Command  
  19  1:35  Barracks Reactor  
  19  1:45  Command Center  
  19  1:59  SCV  
  20  2:07  Supply Depot  
  20  2:20  Marine x2  
  21  2:25  SCV  
  21  2:26  Factory  
  22  2:35  Bunker  
  22  2:37  Refinery, SCV  
  22  2:39  Marine x2  
  24  3:03  Marine x2  
  24  3:05  Orbital Command  
  26  3:15  Supply Depot  
  26  3:19  SCV  
  27  3:22  Marine x2  
  29  3:32  SCV  
  30  3:34  SCV  
  30  3:40  Supply Depot  
  31  3:44  SCV  
  31  3:47  SCV  
  33  3:48  Factory Tech Lab  
  33  3:54  Starport  
  33  3:56  SCV  
  34  4:04  Supply Depot  
  34  4:11  Siege Tank  
  37  4:23  Marine x2  
  38  4:34  SCV x2  
  38  4:35  Fusion Core  
  40  4:38  Refinery  
  40  4:40  Supply Depot  
  40  4:41  Marine x2  
  40  4:43  Cyclone  
  45  4:46  Starport Tech Lab, SCV x2  
  47  4:58  SCV x2  
  47  4:59  Marine x2  
  51  5:07  Engineering Bay  
  51  5:11  Engineering Bay, Medivac  
  53  5:17  SCV  
  53  5:18  SCV  
  55  5:22  Marine x2  
  57  5:30  SCV  
  58  5:40  Command Center, Marine x2  
  60  5:44  SCV  
  60  5:45  SCV  
  61  6:00  Battlecruiser  
  61  6:02  Terran Infantry Weapons Level 1  
  67  6:07  Terran Infantry Armor Level 1  
  67  6:16  SCV x2  
  69  6:22  Marine x2  
  71  6:28  Weapon Refit  
  71  6:30  Supply Depot  
  71  6:39  Marine x2  
  71  6:42  Barracks  
  71  6:43  Armory  
  73  6:57  Marine x2  
  73  6:58  Supply Depot  
  73  6:59  Siege Tank  
  78  7:09  SCV x2  
  78  7:15  Marine x2  
  82  7:29  Refinery  
  82  7:33  Marine x2  
  84  7:38  Barracks Tech Lab  
  84  7:40  Orbital Command  
  84  7:43  Missile Turret  
  74  7:51  Marine  
  75  7:52  Terran Ship Weapons Level 1  
  75  7:57  Marine, Stimpack  
  76  7:59  Starport  
  76  8:01  Marine  
  76  8:04  Missile Turret  
  77  8:09  Marine  
  78  8:15  Marine  
  79  8:32  Battlecruiser  
  79  8:33  Marine  
  86  8:36  Starport Tech Lab  
  86  8:41  Armory  
  86  8:46  Starport  
  86  8:49  SCV  
  86  8:50  Marine  
  86  8:51  SCV  
  86  8:52  SCV  
  90  9:00  Refinery  
  90  9:01  SCV  
  91  9:03  SCV  
  91  9:04  SCV  
  93  9:13  SCV  
  93  9:16  SCV x2  
  96  9:22  Battlecruiser  
  102  9:25  Starport Tech Lab  
  102  9:26  SCV  
  102  9:28  SCV  
  102  9:29  Refinery  
  102  9:30  Marine x2  
  102  9:31  Marine  
  107  9:44  Combat Shield  
  107  9:48  Marine x2  
  109  10:06  Command Center  
  109  10:11  Marine x2  
  109  10:12  Battlecruiser, Marine  
  109  10:13  Terran Ship Weapons Level 2  
  118  10:15  Terran Vehicle And Ship Armor Level 1  
  118  10:18  Supply Depot  
  118  10:29  Marine x2  
  118  10:30  Marine  
  106  10:41  Supply Depot  
  106  10:48  Marauder  
  102  11:03  Battlecruiser  
  102  11:04  Battlecruiser, Supply Depot  
  114  11:09  Marauder  
  116  11:14  Starport  
  116  11:16  SCV x3  
  119  11:19  Unknown  
  119  11:25  Marine x2  
  121  11:28  SCV x2  
  121  11:30  Marine  
  124  11:35  Supply Depot  
  124  11:36  Battlecruiser, Supply Depot  
  124  11:38  Supply Depot  
  124  11:39  Supply Depot  
  130  11:40  Concussive Shells  
  130  11:43  Marine x2  
  132  11:48  Marine  
  133  12:00  Marine  
  133  12:01  Marine  
  135  12:06  Marine  
  136  12:16  Battlecruiser x2  
  136  12:18  Marine x2  
  150  12:23  Starport Tech Lab  
  150  12:24  Marine  
  151  12:37  Terran Ship Weapons Level 3  
  151  12:38  Terran Vehicle And Ship Armor Level 2  
  151  12:42  Battlecruiser  
  157  12:47  SCV  
  145  12:59  SCV  
  124  13:11  SCV  
  90  13:22  Battlecruiser x3  
  90  13:25  Marine x3  
  112  13:33  Planetary Fortress  
  108  13:43  Marine x2  
  108  13:44  Marauder  
  108  13:48  Missile Turret  
  112  13:51  Missile Turret  
  110  14:00  Marine  
  110  14:01  Marine  
  110  14:02  Battlecruiser  
  118  14:05  Marauder  
  111  14:26  Battlecruiser  
  111  14:27  Marauder  
  119  14:41  Battlecruiser x2  
  131  14:48  Marauder  
  133  15:06  Battlecruiser  
  138  15:18  Terran Vehicle And Ship Armor Level 3  
  138  15:30  Battlecruiser  
  122  16:03  Battlecruiser x2  
  146  17:08  Battlecruiser x3  
  152  17:26  Terran Vehicle Weapons Level 1  
  151  18:08  Command Center  
  117  18:40  Battlecruiser  
  84  20:51  Refinery  
  84  21:03  Marine  
  85  21:21  Marine  
  86  21:27  Refinery  
  86  21:38  Marine  
  57  21:56  Marine  
Show
View Real Time Build Order
Export as new Build Order

Methyle Terran - Winner!

Build Orders: Gas First Reaper Expand 

Get SALT Encoding   

  12  0:01  SCV  
  13  0:13  SCV  
  14  0:17  Supply Depot  
  14  0:25  SCV  
  15  0:29  Refinery  
  15  0:39  SCV  
  16  0:45  Barracks  
  16  0:54  SCV  
  17  1:06  SCV  
  18  1:18  SCV  
  19  1:32  Reaper, Orbital Command  
  20  1:44  Command Center  
  20  2:13  Barracks Tech Lab  
  20  2:16  Factory  
  20  2:20  SCV  
  20  2:21  Refinery  
  21  2:28  Supply Depot  
  21  2:47  Supply Depot  
  21  2:48  SCV  
  22  3:00  SCV  
  23  3:08  Engineering Bay  
  23  3:09  Factory Tech Lab  
  23  3:12  SCV, Starport  
  24  3:14  Barracks  
  24  3:18  Marine  
  25  3:21  Siege Tank  
  25  3:24  SCV  
  29  3:42  SCV  
  29  3:43  Terran Infantry Weapons Level 1  
  31  3:50  Orbital Command  
  31  3:54  SCV  
  31  4:01  Marine x2  
  33  4:05  Siege Tank  
  33  4:06  SCV  
  33  4:08  Starport Reactor  
  37  4:13  Bunker  
  37  4:16  SCV  
  38  4:19  SCV  
  39  4:35  SCV x2  
  39  4:38  Refinery  
  41  4:44  Command Center  
  41  4:46  Supply Depot  
  41  4:50  Armory  
  41  4:53  Marine  
  41  4:54  Marine  
  43  5:00  Refinery  
  43  5:05  SCV x2  
  45  5:11  Marine, Supply Depot  
  46  5:17  Engineering Bay  
  46  5:18  Medivac  
  48  5:27  Missile Turret x2  
  48  5:28  Marine  
  48  5:31  SCV  
  48  5:33  SCV  
  51  5:42  Terran Infantry Armor Level 1  
  51  5:43  Terran Vehicle And Ship Armor Level 1  
  51  5:53  Missile Turret  
  51  5:54  Barracks Tech Lab  
  52  5:58  Barracks Tech Lab  
  52  5:59  Siege Tank  
  54  6:10  SCV x2  
  55  6:12  Orbital Command  
  55  6:17  Supply Depot, Terran Infantry Weapons Level 2  
  55  6:19  Marine, Supply Depot  
  55  6:22  Marauder  
  55  6:25  SCV  
  59  6:27  SCV  
  60  6:33  Orbital Command  
  60  6:49  SCV x2  
  60  6:50  Marine x2  
  60  6:51  Siege Tank  
  60  6:53  Medivac x2  
  71  6:55  Combat Shield  
  71  7:00  SCV  
  73  7:01  SCV x2  
  73  7:08  Marine x2  
  76  7:11  Barracks  
  76  7:13  Barracks, SCV x3  
  76  7:14  Supply Depot  
  79  7:22  Missile Turret  
  79  7:23  Medivac  
  79  7:25  SCV x3  
  79  7:27  Refinery  
  79  7:29  Refinery, Marine  
  84  7:30  Marine  
  87  7:37  SCV x2  
  87  7:38  Factory, SCV  
  87  7:39  Supply Depot  
  87  7:40  Terran Vehicle Weapons Level 1  
  89  7:45  Terran Infantry Armor Level 2  
  89  7:47  Marine  
  89  7:49  SCV x2  
  89  7:50  SCV  
  93  7:54  Marine  
  93  7:55  Hellion  
  96  8:05  Marine  
  95  8:12  Marauder  
  96  8:16  Siege Tank  
  96  8:17  Viking x2  
  100  8:24  Factory Tech Lab  
  100  8:25  Barracks Reactor  
  100  8:26  Barracks Reactor  
  98  8:41  SCV x3  
  100  8:47  Viking  
  103  8:53  SCV x2  
  105  8:57  SCV  
  105  8:59  Viking  
  105  9:00  Missile Turret  
  105  9:01  Missile Turret  
  108  9:04  Cyclone  
  108  9:05  SCV x2, Marine x3  
  108  9:06  Marine  
  117  9:17  Missile Turret  
  117  9:21  Missile Turret x2  
  117  9:22  Missile Turret x2  
  117  9:23  Missile Turret x2  
  117  9:28  Supply Depot  
  117  9:29  Supply Depot  
  117  9:30  Supply Depot  
  117  9:32  Supply Depot  
  117  9:33  Supply Depot  
  117  9:35  Supply Depot, Terran Infantry Weapons Level 3  
  117  9:50  Marine x3, Cyclone, Viking  
  117  9:51  Marine x3  
  128  9:55  Thor  
  134  10:01  Terran Vehicle Weapons Level 2  
  134  10:02  Supply Depot  
  134  10:03  Supply Depot  
  134  10:07  Marine  
  134  10:08  Marine x2  
  137  10:16  Command Center  
  137  10:19  SCV x3, Marine x3  
  143  10:22  Cyclone  
  143  10:25  Marine  
  143  10:26  Marine  
  143  10:28  Supply Depot  
  148  10:30  Supply Depot  
  142  10:44  Stimpack  
  142  10:45  Concussive Shells  
  138  10:50  Marine x2, Supply Depot, Viking x2  
  138  10:51  SCV x3  
  138  10:52  Supply Depot  
  147  11:03  SCV  
  148  11:08  SCV x2  
  150  11:13  Thor  
  150  11:14  Command Center  
  150  11:15  Marine x3, SCV  
  160  11:19  Viking  
  160  11:20  Marine, Viking  
  160  11:21  Marine x2  
  167  11:32  Marine  
  167  11:33  Marine  
  169  11:54  Refinery, SCV x3  
  172  11:56  Refinery  
  172  12:01  Missile Turret x2  
  172  12:02  Marine x4  
  172  12:03  Missile Turret x2, Marine x2  
  172  12:04  Viking x2  
  172  12:06  SCV x3  
  172  12:08  Cyclone  
  188  12:20  Marine x5  
  193  12:26  SCV x3  
  193  12:29  Orbital Command  
  196  12:30  Orbital Command  
  196  12:42  Terran Infantry Armor Level 3  
  196  12:43  Terran Vehicle Weapons Level 3  
  153  13:07  Marine x6  
  153  13:08  Cyclone  
  153  13:09  Cyclone, Viking  
  152  13:16  Viking  
  152  13:25  Marine x6  
  158  13:39  Viking  
  158  13:41  Cyclone x2  
  166  13:42  Marine  
  166  13:43  Marine x4  
  166  13:46  Viking  
  166  13:47  Marine  
  172  14:00  Marine x2  
  172  14:01  Marine x3  
  175  14:04  Marine  
  175  14:09  Viking  
  178  14:16  Viking  
  169  14:18  Marine x5  
  169  14:22  Marine  
  163  14:36  Marine x5  
  163  14:37  Thor x2  
  180  14:39  Viking  
  180  14:40  Marine  
  183  14:47  Barracks  
  183  14:50  Starport  
  183  14:52  Starport  
  183  14:54  Marine  
  174  15:02  Marine x3  
  174  15:03  Reaper, Marauder  
  174  15:04  Viking  
  182  15:09  Viking  
  182  15:12  Marine  
  185  15:19  Terran Vehicle And Ship Armor Level 2  
  185  15:20  Marine x3, Thor, Siege Tank  
  185  15:21  Hi-Sec Auto Tracking, Orbital Command  
  197  15:25  Marauder  
  197  15:28  Armory  
  199  15:29  Marine  
  199  15:30  Armory  
  199  15:34  Viking  
  199  15:38  Marine x2  
  199  15:39  Viking  
  197  15:46  Marauder  
  197  15:52  Siege Tank  
  197  15:56  Viking x2  
  192  16:01  Marine x6  
  198  16:04  Viking  
  200  16:19  Marine  
  200  16:22  Missile Turret  
  195  16:26  Barracks, Viking x2  
  195  16:27  Barracks, Marine x4  
  195  16:28  Unknown, Barracks, Marine x2  
  195  16:30  Barracks  
  199  16:36  Marine  
  199  16:39  Missile Turret  
  193  16:42  Missile Turret  
  193  16:45  Marine  
  186  16:51  Viking x2  
  181  16:56  Viking x2  
  178  17:13  Marine x4  
  178  17:14  Marine x3  
  185  17:21  Viking x2  
  185  17:22  Terran Ship Weapons Level 1  
  189  17:26  Viking x2  
  193  17:31  Marine x7  
  193  17:36  Terran Vehicle And Ship Armor Level 3  
  190  18:19  Marine, Viking x4  
  169  18:20  Marine x2, SCV x3  
  169  18:21  SCV  
  130  18:48  Viking  
  130  18:49  Viking  
  134  18:57  Marine x7  
  134  18:59  Viking x2  
  128  19:14  Marine  
  128  19:15  Marine x6  
  122  19:18  Viking  
  122  19:19  Viking  
  121  19:29  Viking x2  
  121  19:30  SCV x3  
  125  19:31  Terran Ship Weapons Level 2  
  125  19:32  Marine  
  125  19:33  Marine x6  
  123  19:42  SCV x2  
  115  19:48  Viking  
  115  19:49  Viking  
  115  19:50  Marine x3  
  115  19:51  Marine x4  
  116  19:58  Viking  
  116  19:59  Viking  
  97  20:08  Marine x7  
  93  20:15  Starport x2  
  93  20:16  Marine  
  93  20:17  Marine x3  
  93  20:18  Viking  
  93  20:19  Viking  
  95  20:26  Marine x7  
  102  20:29  Viking  
  102  20:32  Missile Turret x2  
  102  20:34  Missile Turret, Marine x2  
  102  20:35  Marine x2  
  110  20:36  Missile Turret x2  
  110  20:37  Missile Turret  
  110  20:40  Factory Tech Lab  
  110  20:41  Thor  
  116  20:44  Marine x7  
  116  20:49  Viking  
  127  20:52  Missile Turret, Marine x4  
  127  20:53  Missile Turret  
  127  20:56  Starport Tech Lab x2, Command Center  
  131  20:59  Viking  
  131  21:00  Starport Reactor x2  
  131  21:01  Marine  
  131  21:02  Marine x2  
  132  21:06  Marine x4  
  136  21:18  Viking  
  136  21:19  Barracks Reactor x3  
  138  21:25  Barracks Reactor  
  138  21:29  Viking  
  110  21:53  Marine x2  
  110  21:54  Marine x9  
  100  21:55  Marine x2  
Tags
 
Add a new tag
Caveats
  • Supply blocks, unpowered buildings, or Contaminate may cause inaccurate times.
  • Supply counts are checked every 10 seconds.